 Dungeon Crawl Stone Soup version 0.24.0-13-gcf9b3192b9 (webtiles) character file.

Game seed: 171974734717082455, levelgen mode: deterministic

1628 Nattfarinn the Digger (level 8, 0/44 HPs)
             Began as a Gargoyle Earth Elementalist on Nov 10, 2019.
             Was a Follower of Sif Muna.
             Shot with an arrow by a centaur (5 damage)
             ... on level 7 of the Dungeon.
             The game lasted 00:18:26 (7344 turns).

Nattfarinn the Digger (Gargoyle Earth Elementalist) Turns: 7344, Time: 00:18:27

Health: 0/44       AC: 10    Str: 12    XL:     8   Next: 97%
Magic:  13/16      EV: 12    Int: 18    God:    Sif Muna [*.....]
Gold:   420        SH:  0    Dex: 10    Spells: 9/18 levels left

rFire    + + .     SeeInvis .   G - +2 rapier (venom)
rCold    . . .     Gourm    .   (no shield)
rNeg     + . .     Faith    .   c - +0 robe
rPois    ∞         Spirit   .   m - +1 helmet
rElec    +         Reflect  .   n - +0 cloak
rCorr    +         Harm     .   (no gloves)
MR       .....                  (no boots)
Stlth    ++........             A - amulet of magic regeneration
HPRegen  0.14/turn              y - ring of fire
MPRegen  0.40/turn              (no ring)

@: about to teleport, resistant, hasted, very quick
A: negative energy resistance 1, electricity resistance, unbreathing,
petrification resistance, rot immunity, AC +5
a: Channel Magic, Renounce Religion


You were on level 7 of the Dungeon.
You worshipped Sif Muna.
Sif Muna was aware of your devotion.
You were not hungry.

You visited 2 branches of the dungeon, and saw 8 of its levels.

You collected 420 gold pieces.

Inventory:

Hand Weapons
 a - a cursed +0 whip
 j - a +0 dagger
 v - a +0 flail
 G - a +2 rapier of venom (weapon)
 I - a +3 dagger of holy wrath
Missiles
 b - 47 stones (quivered)
 q - 5 silver boomerangs
Armour
 c - a +0 robe (worn)
 m - a +1 helmet (worn)
 n - a +0 cloak (worn)
Jewellery
 y - a ring of fire (left hand)
 A - an amulet of magic regeneration (around neck)
Wands
 D - a wand of digging (8)
Scrolls
 e - 4 scrolls of remove curse
 f - 2 scrolls of magic mapping
 i - a scroll of random uselessness {unknown}
 l - a scroll of teleportation
 p - a scroll of immolation {unknown}
 s - 2 scrolls of fog {unknown}
 t - a scroll of enchant weapon {unknown}
 w - a scroll of fear {unknown}
 B - 2 scrolls of amnesia
 C - a scroll of noise {unknown}
 E - a scroll of enchant armour {unknown}
 F - 2 scrolls of identify
Potions
 g - a potion of agility {unknown}
 k - 2 potions of resistance
 o - a potion of flight {unknown}
 r - a potion of haste
 u - 3 potions of curing {unknown}
 x - a potion of mutation {unknown}
 z - 2 potions of brilliance {unknown}
Comestibles
 d - 18 rations
 H - 2 chunks of flesh


   Skills:
 - Level 2.2 Fighting
 * Level 3.3 Short Blades
 - Level 1.5 Dodging
 - Level 2.1 Stealth
 + Level 5.5 Spellcasting
 * Level 6.9 Conjurations
   Level 0.7 Transmutations
 + Level 7.1 Earth Magic


You had 9 spell levels left.
You knew the following spells:

 Your Spells              Type           Power        Failure   Level  Hunger
a - Sandblast             Erth           ####..       1%          1    None
b - Stone Arrow           Conj/Erth      ####..       2%          3    ##.....
c - Lee's Rapid Deconstr  Erth           ####......   19%         5    ######.

Your spell library contained the following spells:

 Spells                   Type           Power        Failure   Level  Hunger
 Magic Dart               Conj           ####         1%          1    None
 Sting                    Conj/Pois      ###.         3%          1    None
 Passwall                 Tmut/Erth      ###.....     3%          2    #......
 Conjure Flame            Conj/Fire      ####....     10%         3    ##.....
 Confusing Touch          Hex            #.....       13%         1    None
 Mephitic Cloud           Conj/Pois/Air  ##......     14%         3    ##.....
 Blink                    Tloc           N/A          19%         2    #......
 Call Imp                 Summ           #.......     19%         2    #......
 Poisonous Vapours        Pois/Air       #.....       19%         2    #......
 Slow                     Hex            #.......     19%         2    #......
 Petrify                  Tmut/Erth      ###.....     26%         4    ####...
 Confuse                  Hex            #.......     36%         3    ##.....
 Gell's Gravitas          Tloc           #.........   36%         3    ##.....
 Venom Bolt               Conj/Pois      ###.......   65%         5    ######.
 Olgreb's Toxic Radiance  Pois           #.......     77%         4    ####...
 Yara's Violent Unravell  Hex/Tmut       #.........   97%         5    ######.
 Metabolic Englaciation   Hex/Ice        #.........   98%         5    ######.


Dungeon Overview and Level Annotations

Branches:
Dungeon (7/15)             Temple (1/1) D:5

Altars:
Ashenzari
Cheibriados
Dithmenos
Elyvilon
Fedhas
Gozag
Hepliaklqana
Kikubaaqudgha
Makhleb
Nemelex Xobeh
Okawaru
Qazlal
Ru
Sif Muna
Trog
Uskayaw
Vehumet
Wu Jian
Xom
Yredelemnul
The Shining One

Shops:
D:4 %   D:5 :   D:6 (

Annotations:
D:5 2 transporters, losten's ghost, novice DsBe
D:6 2 transporters, jaiteiro's ghost, novice CeHu


Innate Abilities, Weirdness & Mutations

You are resistant to torment.
Your stone body is resilient. (AC +5)
You are immune to poison.
You resist negative energy. (rN+)
You are resistant to electric shocks. (rElec)
You can survive without breathing.
You are immune to petrification.
You are immune to rotting.


Message History

The orc warrior hits you with a +0 short sword!
The centaur closely misses you. The orc hits you but does no damage.
You feel protected. The centaur closely misses you.
The orc warrior hits you with a +0 short sword!
* * * LOW HITPOINT WARNING * * *
The orc hits you but does no damage.
You feel yourself speed up.
The centaur hits you but does no damage.
The orc warrior hits you but does no damage.
The centaur misses you. The orc hits you but does no damage.
Okay, then.
As you read the scroll of teleportation, it crumbles to dust.
You feel strangely unstable.
The centaur hits you but does no damage.
The orc warrior hits you with a +0 short sword.
* * * LOW HITPOINT WARNING * * *
The orc completely misses you.
The centaur wields a +0 shortbow.
The centaur shoots an arrow.
The arrow hits you.
You die...

.... #. ..... # #.
..... #.#.. ...... #
... ......
#.##.####....
#......)c.# #....o.#
### ###.@o.# #..
#....#####.#
#.##.....#.#
#.######.#.# # #...#
#.#.####.#
#..###.####.#.#<...#..
#>......).)............
#......)....#.######...
#.............# .


You could see an orc warrior, a centaur and an orc.

Vanquished Creatures
  Eustachio (D:5)
  2 ice beasts
  A phantom (D:5)
  A sky beast (D:6)
  An ogre (D:6)
  A scorpion (D:5)
  3 killer bees (D:7)
  A howler monkey (D:4)
  A jelly (D:7)
  2 crimson imps
  An orc priest (D:5)
  2 bullfrog skeletons
  3 hounds
  3 orc wizards
  A centaur skeleton (D:6)
  Terence (D:2)
  7 worker ants
  2 hound skeletons (D:6)
  7 adders
  A howler monkey skeleton (D:6)
  3 oozes
  An adder zombie (D:5)
  2 worms
  6 leopard geckos
  15 orcs
  3 ball pythons
  8 bats
  4 giant cockroaches
  6 goblins
  9 hobgoblins
  6 jackals
  2 quokkas (D:6)
  4 frilled lizards
  9 kobolds
  A leopard gecko zombie (D:6)
  6 rats
127 creatures vanquished.

Vanquished Creatures (others)
  4 plants (D:6)
4 creatures vanquished.

Grand Total: 131 creatures vanquished

Notes
Turn   | Place    | Note
-------+----------+-------------------------------------------
     0 | D:1      | Nattfarinn the Gargoyle Earth Elementalist began the quest
                  | for the Orb.
     0 | D:1      | Reached XP level 1. HP: 10/10 MP: 3/3
   431 | D:1      | Reached XP level 2. HP: 7/16 MP: 3/5
   638 | D:1      | Reached skill level 1 in Fighting
   720 | D:1      | Reached skill level 4 in Earth Magic
   729 | D:1      | Reached XP level 3. HP: 20/20 MP: 1/6
  1364 | D:2      | Learned a level 3 spell: Stone Arrow
  1463 | D:2      | Found a shadowy altar of Dithmenos.
  1581 | D:2      | Reached XP level 4. HP: 23/25 MP: 3/8
  1702 | D:2      | Found a faded altar of an unknown god.
  1954 | D:2      | Noticed Terence
  1962 | D:2      | Killed Terence
  1962 | D:2      | Reached XP level 5. HP: 20/30 MP: 3/10
  2317 | D:3      | Reached skill level 1 in Conjurations
  2960 | D:3      | Found an ornate altar of the Wu Jian Council.
  3178 | D:4      | Reached skill level 5 in Earth Magic
  3178 | D:4      | Reached XP level 6. HP: 34/35 MP: 6/11
  3527 | D:4      | Found a bloodstained altar of Trog.
  3550 | D:4      | Found a white marble altar of Elyvilon.
  3579 | D:4      | Found Urel's Food Boutique.
  3797 | D:5      | Entered Level 5 of the Dungeon
  3827 | D:5      | Noticed Eustachio
  3847 | D:5      | Found a transporter.
  3853 | D:5      | Noticed losten's ghost (novice DsBe)
  3870 | D:5      | Found a transporter.
  4005 | D:5      | Found an opulent altar of Gozag.
  4053 | D:5      | Found Gauzawid's Book Shoppe.
  4055 | D:5      | Noticed a phantom
  4071 | D:5      | Killed a phantom
  4071 | D:5      | Reached XP level 7. HP: 29/40 MP: 5/13
  4603 | D:5      | Reached skill level 6 in Earth Magic
  4748 | D:5      | Killed Eustachio
  4748 | D:5      | Reached skill level 5 in Conjurations
  5025 | D:5      | Found a staircase to the Ecumenical Temple.
  5034 | Temple   | Entered the Ecumenical Temple
  5049 | Temple   | Became a worshipper of Sif Muna the Loreminder
  5341 | D:6      | Reached XP level 8. HP: 37/44 MP: 15/15
  5358 | D:6      | Reached skill level 1 in Short Blades
  5358 | D:6      | Reached skill level 5 in Spellcasting
  5542 | D:6      | Found a transporter.
  5570 | D:6      | Noticed jaiteiro's ghost (novice CeHu)
  5813 | D:6      | Reached * piety under Sif Muna
  5958 | D:6      | Found a transporter.
  5999 | D:6      | Found Ymuat's Antique Weapon Emporium.
  6729 | D:7      | Learned a level 5 spell: Lee's Rapid Deconstruction
  6753 | D:7      | Reached skill level 7 in Earth Magic
  7344 | D:7      | Shot with an arrow by a centaur

Levels and vault maps discovered:
D:1:      sevenhm_arrival_forest_fort_small_4, layout_basic
D:2:      layout_rooms, grunt_dithmenos_smoke_and_mirrors,
          nicolae_overflow_hidden_temple, serial_corexii_hall,
          corexii_hall_statues_i, corexii_hall_statues_x,
          chequers_hall_statues_wall_a, chequers_ecumenical_altar_simple_redux,
          uniq_terence
D:3:      layout_rooms, lemuel_round_altar, minmay_fractal_squares_gapless_5
D:4:      layout_basic, elyvilon_altar_1, kennysheep_mini_moat, serial_shops,
          shop, kennysheep_cross_room
D:5:      layout_layer_cave, kennysheep_little_box, minmay_temple_entry_fiery,
          first_ration, serial_shops, shop, gammafunk_ghost_stat_death,
          uniq_eustachio
D:6:      layout_basic, serial_shops,
          nicolae_shop_temple_entry_statues_fountains,
          gammafunk_ghost_gnarly_gnolls, kennysheep_generic_room_9
D:7:      layout_basic
Temple:   lightli_temple_of_artemis

Skill      XL: |  1  2  3  4  5  6  7  8 |
---------------+-------------------------+-----
Fighting       | 1 2 |  2.2
Earth Magic    | 4 5 6 7 |  7.1
Spellcasting   | 3 4 5 |  5.5
Conjurations   | 2 3 5 6 |  6.9
Short Blades   | 3 |  3.3
Dodging        | |  1.5
Stealth        | |  2.1
Transmutations | |  0.7

Action                   |  1- 3 |  4- 6 |  7- 9 || total
-------------------------+-------+-------+-------++-------
Melee: Unarmed           |    28 |       |       ||    28
       Dagger            |    88 |   169 |     7 ||   264
       Rapier            |       |       |   161 ||   161
 Cast: Sandblast         |    28 |    67 |    39 ||   134
       Stone Arrow       |       |     7 |     1 ||     8
       Lee's Rapid Decon |       |       |     1 ||     1
  Use: Potion            |       |     1 |     3 ||     4
       Scroll            |       |     7 |     2 ||     9
 Stab: Sleeping          |     1 |       |     3 ||     4
       Distracted        |       |     1 |       ||     1
  Eat: Chunk             |     2 |    10 |     7 ||    19
       Ration            |       |       |     1 ||     1
Armor: Robe              |    56 |   108 |    81 ||   245
Dodge: Dodged            |   106 |   139 |   156 ||   401
